[Event "*** Titled Tuesday Blitz"]
[Site "Chess.com"]
[Date "2020.04.21"]
[Round "1"]
[White "Hikaru"]
[Black "AnkitGajwa"]
[Result "1-0"]
[WhiteElo "3233"]
[BlackElo "2477"]
[TimeControl "180+1"]
[EndTime "10:00:51 PDT"]
[Termination "Hikaru won by resignation"]

1. Nf3 Nf6 2. b3 g6 3. Bb2 Bg7 4. d4 O-O 5. e3 d6 6. Be2 b6 7. O-O Bb7 8. c4 Nbd7 9. Qc2 Ne4 10. Rd1 c6 1-0

[Event "*** Titled Tuesday Blitz"]
[Site "Chess.com"]
[Date "2020.04.21"]
[Round "1"]
[White "Rodalquilar"]
[Black "aa175"]
[Result "1-0"]
[WhiteElo "2613"]
[BlackElo "2281"]
[TimeControl "180+1"]
[EndTime "10:01:54 PDT"]
[Termination "Rodalquilar won by resignation"]

1. d4 Nf6 2. c4 g6 3. Nc3 d5 4. cxd5 Nxd5 5. Bd2 Bg7 6. e4 Nb6 7. Be3 O-O 8. f4 Nc6 9. d5 Na5 10. Bd4 c6 11. Bxg7 Kxg7 12. b4 1-0

[Event "*** Titled Tuesday Blitz"]
[Site "Chess.com"]
[Date "2020.04.21"]
[Round "1"]
[White "GusKan67"]
[Black "raviteja81293"]
[Result "0-1"]
[WhiteElo "2407"]
[BlackElo "2782"]
[TimeControl "180+1"]
[EndTime "10:02:18 PDT"]
[Termination "raviteja81293 won by resignation"]

1. d4 d5 2. Nf3 Nf6 3. c4 c6 4.
e3 Bg4 5. Nc3 e6 6. h3 Bh5 7.
Qb3 Qb6 8. c5 Qc7 9. g4 Bg6 10.
Ne5 Nbd7 11. f4 Nxe5 12. fxe5 Ne4 13. Bg2 Nxc3 14. Qxc3 f6 15. exf6 Qg3+ 16. Kf1 gxf6 17. Qe1 Bd3+ 0-1

[Event "*** Titled Tuesday Blitz"]
[Site "Chess.com"]
[Date "2020.04.21"]
[Round "1"]
[White "english_player_89"]
[Black "Azatnew"]
[Result "0-1"]
[WhiteElo "2413"]
[BlackElo "2789"]
[TimeControl "180+1"]
[EndTime "10:02:29 PDT"]
[Termination "Azatnew won by resignation"]

1. Nf3 Nf6 2. g3 g6 3. Bg2 Bg7 4. O-O O-O 5. d4 d5 6. b3 a5 7. Bb2 a4 8. bxa4 Rxa4 9. Nbd2 Nc6 10. c4 Ra8 11. cxd5 Nxd5 12. a3 Nb6 13. e3 Na4 14. Bc1 e5 15. Nb3 Be6 16. dxe5 Qxd1 17. Rxd1 Bxb3 18. Rd7 Rfd8 19. Rxd8+ Rxd8 20. Rb1 Rd1+ 21. Bf1 Bc4 22. Nd2 Bxf1 23. Nxf1 Bxe5 24. f4 Bd6 25. Kf2 Bxa3 0-1

[Event "*** Titled Tuesday Blitz"]
[Site "Chess.com"]
[Date "2020.04.21"]
[Round "1"]
[White "jsdbv18"]
[Black "archess2"]
[Result "0-1"]
[WhiteElo "2543"]
[BlackElo "2216"]
[TimeControl "180+1"]
[EndTime "10:02:37 PDT"]
[Termination "archess2 won by resignation"]

1. e4 c6 2. Nf3 d5 3. Nc3 Bg4 4. h3 Bh5 5. exd5 cxd5 6. g4 Bg6 7. Bb5+ Nc6 8. Ne5 Rc8 9. d4 e6 10. Qe2 Bb4 11. h4 Ne7 12. h5 Be4 13. f3 O-O 14.
Bxc6 Nxc6 15. fxe4 Nxd4 16. Qf2 Rxc3 17. Bd2 Rxc2 18.
Qxd4 Bxd2+ 19. Kd1 Qc7 20. Rh2 Rc1+ 0-1

[Event "*** Titled Tuesday Blitz"]
[Site "Chess.com"]
[Date "2020.04.21"]
[Round "1"]
[White "DraskovicL"]
[Black "Zmeeed63"]
[Result "1-0"]
[WhiteElo "2541"]
[BlackElo "2148"]
[TimeControl "180+1"]
[EndTime "10:02:47 PDT"]
[Termination "DraskovicL won by resignation"]

1. Nf3 Nf6 2. g3 e6 3. Bg2 d5 4. O-O Be7 5. d3 O-O 6. b3 c5 7.
Bb2 Nc6 8. Nbd2 b6 9. e4 Bb7 10. Qe2 Rc8 11. a3 d4 12. e5 Nd5 13. h4 h6 14. h5 b5 15. Rfe1 Qb6 16. Ne4 Rfd8 17.
Qd2 Bf8 18. g4 c4 19. Qe2 c3 20. Bc1 b4 21. a4 Nce7 22. Nh4 Kh8 23. g5 hxg5 24. Nxg5 Ng8 25. Nxf7+ Kh7 26. Qe4+ 1-0

[Event "*** Titled Tuesday Blitz"]
[Site "Chess.com"]
[Date "2020.04.21"]
[Round "1"]
[White "WIDBIFS"]
[Black "SanchezKelvin"]
[Result "1-0"]
[WhiteElo "2780"]
[BlackElo "2406"]
[TimeControl "180+1"]
[EndTime "10:02:51 PDT"]
[Termination "WIDBIFS won by resignation"]

1. Nf3 d5 2. d4 Nf6 3. Bf4 c5 4. e3 Nc6 5. Nbd2 Qb6 6. dxc5 Qxb2 7. Rb1 Qc3 8. Bb5 Qxc5 9. O-O a6 10. Bxc6+ Qxc6 11.
c4 e6 12. Ne5 Qc5 13. Qa4+ Nd7 14. Rxb7 1-0

[Event "*** Titled Tuesday Blitz"]
[Site "Chess.com"]
[Date "2020.04.21"]
[Round "1"]
[White "swayamsm"]
[Black "BvsN"]
[Result "1-0"]
[WhiteElo "2700"]
[BlackElo "2361"]
[TimeControl "180+1"]
[EndTime "10:02:52 PDT"]
[Termination "swayamsm won by resignation"]

1. d4 d5 2. Nf3 Nf6 3. Bf4 c5 4. e3 Nc6 5. Nbd2 Bg4 6. c3 e6 7. Qb3 Qc8 8. Ne5 c4 9. Qa4 Bf5 10. b3 cxb3 11. axb3 Nd7 12. Nxc6 bxc6 13. Ba6 Qd8 14. Qxc6 Be7 15. Bb7 Rb8 16. Bxb8 Qxb8 17. Bc8 Qd6 18. Bxd7+ Qxd7 19. Qxd7+ Kxd7 20. Rxa7+ Kd6 21. e4 1-0

[Event "*** Titled Tuesday Blitz"]
[Site "Chess.com"]
[Date "2020.04.21"]
[Round "1"]
[White "Salem-AR"]
[Black "Onwgs"]
[Result "1-0"]
[WhiteElo "2994"]
[BlackElo "2472"]
[TimeControl "180+1"]
[EndTime "10:02:53 PDT"]
[Termination "Salem-AR won by resignation"]

1. d4 Nf6 2. c4 g6 3. Nc3 d5 4. cxd5 Nxd5 5. e4 Nxc3 6. bxc3 Bg7 7. Bc4 c5 8. Ne2 Nc6 9. Be3 O-O 10. O-O Qc7 11.
Rc1 b6 12. h4 Rd8 13. Qe1 Bb7 14. h5 Na5 15. Bd3 Qd7 16. h6 Bh8 17. f4 cxd4 18. cxd4 Nc6 19. d5 Nb4 20. Qxb4 1-0

[Event "*** Titled Tuesday Blitz"]
[Site "Chess.com"]
[Date "2020.04.21"]
[Round "1"]
[White "hornsounder"]
[Black "olomi007"]
[Result "0-1"]
[WhiteElo "2343"]
[BlackElo "2667"]
[TimeControl "180+1"]
[EndTime "10:02:55 PDT"]
[Termination "olomi007 won by resignation"]

1. c4 c5 2. g3 Nc6 3. Bg2 g6 4.
Nc3 Bg7 5. Nf3 d6 6. O-O e6 7.
d3 Nge7 8. Bg5 h6 9. Bd2 O-O 10. a3 Qd7 11. Rb1 b6 12. b4 Bb7 13. Qc2 f5 14. e3 g5 15. Na4 Ng6 16. Bc3 e5 17. Qb2 Rab8 18. d4 cxd4 19. exd4 exd4 20. Nxd4 Nxd4 0-1

[Event "*** Titled Tuesday Blitz"]
[Site "Chess.com"]
[Date "2020.04.21"]
[Round "1"]
[White "dukicz123"]
[Black "svilson23"]
[Result "1-0"]
[WhiteElo "2605"]
[BlackElo "2261"]
[TimeControl "180+1"]
[EndTime "10:03:08 PDT"]
[Termination "dukicz123 won by resignation"]

1. e4 c5 2. Nf3 Nc6 3. d4 cxd4 4. Nxd4 e5 5. Nb5 d6 6. N1c3 a6 7. Na3 Be6 8. Be3 Nf6 9. Nc4 b5 10. Nb6 Ng4 11. Nxa8 Nxe3 12. fxe3 Qxa8 13. a4 b4 14. Nd5 Qb8 15. Bxa6 Be7 16. Bb5 Bd7 17. O-O Bg5 18. Qh5 1-0

[Event "*** Titled Tuesday Blitz"]
[Site "Chess.com"]
[Date "2020.04.21"]
[Round "1"]
[White "VerdeNotte"]
[Black "TastyFrenchFries"]
[Result "1-0"]
[WhiteElo "2713"]
[BlackElo "2375"]
[TimeControl "180+1"]
[EndTime "10:03:15 PDT"]
[Termination "VerdeNotte won by checkmate"]

1. e4 e6 2. d4 d5 3. Nd2 Nf6 4. e5 Nfd7 5. Bd3 c5 6. c3 Nc6 7. Ngf3 Be7 8. O-O g5 9. dxc5 Ndxe5 10. Nxe5 Nxe5 11. Bb5+ Bd7 12. Bxd7+ Qxd7 13. b4 O-O-O 14.
Nf3 Nxf3+ 15. Qxf3 f5 16. Re1 Bf6 17. Rb1 g4 18.
Qd3 h5 19. Bf4 Qc6 20. b5 Qxc5 21. Rxe6 Bxc3 22. Qxf5 Rd7 23. Rc6+ bxc6 24. bxc6 Qxc6 25. Rb8# 1-0

[Event "*** Titled Tuesday Blitz"]
[Site "Chess.com"]
[Date "2020.04.21"]
[Round "1"]
[White "swimmerchess"]
[Black "Diego_FloresQ"]
[Result "1-0"]
[WhiteElo "2824"]
[BlackElo "2433"]
[TimeControl "180+1"]
[EndTime "10:03:18 PDT"]
[Termination "swimmerchess won by resignation"]

1. e4 c5 2. Nf3 e6 3. d4 cxd4 4. Nxd4 Nf6 5. Nc3 d6 6. Be2 Be7 7. O-O O-O 8. Be3 a6 9. a4 Qc7 10. f4 Nc6 11. Kh1 Re8 12. Bg1 Rb8 13. Qd3 Nxd4 14.
Bxd4 e5 15. fxe5 dxe5 16. Qg3 Nd7 17. Nd5 Qd6 18. Bc3 Bf8 19. Rad1 Qc6 20. Bh5 g6 21.
Bg4 b5 22. Bxd7 Bxd7 23. Nf6+ Kg7 24. Nxd7 1-0

[Event "*** Titled Tuesday Blitz"]
[Site "Chess.com"]
[Date "2020.04.21"]
[Round "1"]
[White "GMartin_Petrov"]
[Black "TheSodabread"]
[Result "1-0"]
[WhiteElo "2550"]
[BlackElo "1950"]
[TimeControl "180+1"]
[EndTime "10:03:22 PDT"]
[Termination "GMartin_Petrov won by resignation"]

1. e4 c5 2. Nf3 d6 3. d4 cxd4 4. Nxd4 Nf6 5. Nc3 a6 6. Be3 e5 7. Nb3 Be6 8. h3 Be7 9. f4 b5 10. Qf3 Nbd7 11. O-O-O Nb6 12. fxe5 Ng8 13. exd6 Bf6 14.
e5 Bxe5 15. Bxb6 1-0

[Event "*** Titled Tuesday Blitz"]
[Site "Chess.com"]
[Date "2020.04.21"]
[Round "1"]
[White "ferch1ni"]
[Black "vladimirdamjanovic"]
[Result "0-1"]
[WhiteElo "2298"]
[BlackElo "2626"]
[TimeControl "180+1"]
[EndTime "10:03:26 PDT"]
[Termination "vladimirdamjanovic won by resignation"]

1. e4 c6 2. Nf3 d5 3. Nc3 dxe4 4. Nxe4 Nf6 5. Ng3 h5 6. Bc4 h4 7. Ne2 h3 8. g3 b5 9. Bb3 c5 10. d3 Bb7 11. Nf4 c4 12. Be3 cxb3 13. axb3 Nd5 14.
Nxd5 Qxd5 0-1

[Event "*** Titled Tuesday Blitz"]
[Site "Chess.com"]
[Date "2020.04.21"]
[Round "1"]
[White "NiranjanNavalgund"]
[Black "amelia91"]
[Result "1-0"]
[WhiteElo "2494"]
[BlackElo "1944"]
[TimeControl "180+1"]
[EndTime "10:03:30 PDT"]
[Termination "NiranjanNavalgund won by resignation"]

1. d4 Nf6 2. c4 e6 3. Nc3 Bb4 4. e3 O-O 5. Bd2 b6 6. Bd3 Bb7 7. Nf3 d6 8. O-O Nbd7 9. Qc2 h6 10. a3 Bxc3 11. Bxc3 Re8 12. Nd2 e5 13. f4 e4 14. Be2 Qe7 15. Kh1 Rac8 16. b4 c5 17.
bxc5 bxc5 18. d5 Rb8 19. Qa4 Ra8 20. Rab1 Nb6 21. Qc2 Ba6 22. Rfe1 Bc8 23. a4 Bg4 24. Bxf6 1-0

[Event "*** Titled Tuesday Blitz"]
[Site "Chess.com"]
[Date "2020.04.21"]
[Round "1"]
[White "Jadro9"]
[Black "chenrip"]
[Result "1-0"]
[WhiteElo "2709"]
[BlackElo "2374"]
[TimeControl "180+1"]
[EndTime "10:03:38 PDT"]
[Termination "Jadro9 won by resignation"]

1. e4 e6 2. d4 d5 3. Nc3 Bb4 4.
Bd3 c5 5. exd5 exd5 6. dxc5 Nf6 7. Ne2 O-O 8. Bg5 Bxc5 9. O-O Be6 10. Nf4 Be7 11.
Bxf6 Bxf6 12. Ncxd5 Bxb2 13. Rb1 Be5 14. Rxb7 Nc6 15.
Nxe6 fxe6 16. Ne3 Qh4 17. g3 Qh6 18. Be4 Rad8 19. Qg4 Nd4 20. Rxa7 Ra8 21. Rxa8 1-0

[Event "*** Titled Tuesday Blitz"]
[Site "Chess.com"]
[Date "2020.04.21"]
[Round "1"]
[White "Blagorod"]
[Black "Donseng"]
[Result "0-1"]
[WhiteElo "2127"]
[BlackElo "2528"]
[TimeControl "180+1"]
[EndTime "10:03:44 PDT"]
[Termination "Donseng won by resignation"]

1. e4 e6 2. d4 d5 3. Nc3 Bb4 4. exd5 exd5 5. Bd3 Ne7 6. Ne2 O-O 7. O-O Bf5 8. Bg5 Bxd3 9. Qxd3 Nbc6 10. Ng3 f6 11. Bd2 Bxc3 12. Bxc3 Qd7 13. Rfe1 Rae8 14. Re2 Ng6 15.
Rae1 Nf4 16. Rxe8 Nxd3 17. Rxf8+ Kxf8 18. cxd3 Qg4 19. Ne2 Qf5 20. Nc1 h5 21. Kf1 h4 22.
h3 g5 23. b4 a6 24. a4 g4 25. hxg4 Qxg4 26. b5 axb5 27. axb5 Nxd4 28. Bb4+ Kf7 29. Re7+ Kg6 30. Rxc7 Qd1+ 31. Be1 Nc2 0-1

[Event "*** Titled Tuesday Blitz"]
[Site "Chess.com"]
[Date "2020.04.21"]
[Round "1"]
[White "Anaj14"]
[Black "murtas73"]
[Result "0-1"]
[WhiteElo "2142"]
[BlackElo "2564"]
[TimeControl "180+1"]
[EndTime "10:03:47 PDT"]
[Termination "murtas73 won by resignation"]

1. e4 e6 2. d3 d5 3. Nd2 c5 4.
Ngf3 Nc6 5. g3 Nf6 6. Bg2 g6 7. c3 Bg7 8. O-O O-O 9. Re1 a5 10. h4 b6 11. e5 Ng4 12. d4 cxd4 13. cxd4 f6 14. exf6 Qxf6 15. Nf1 Nxd4 16. Nxd4 Qxf2+ 17. Kh1 Bxd4 18. Ne3 Bxe3 19. Bxe3 Nxe3 20. Qe2 Qxg2+ 21. Qxg2 Nxg2 22. Kxg2 Ra7 23. Rac1 Raf7 24. Re2 d4 25. Rc6 Bb7 0-1

[Event "*** Titled Tuesday Blitz"]
[Site "Chess.com"]
[Date "2020.04.21"]
[Round "1"]
[White "mc4chess"]
[Black "donotreadit"]
[Result "1-0"]
[WhiteElo "2376"]
[BlackElo "2673"]
[TimeControl "180+1"]
[EndTime "10:03:51 PDT"]
[Termination "mc4chess won by resignation"]

1. e4 c5 2. Nf3 e6 3. d4 cxd4 4. Nxd4 Nc6 5. Nc3 Qc7 6. Be2 a6 7. O-O Nf6 8. Be3 Bb4 9. f3 O-O 10. Qd3 Ne5 11. Qd2 Nc4 12. Bxc4 Qxc4 13. Rad1 d5 14. Qd3 Qxd3 15. cxd3 b5 16. Nc6 Bxc3 17. bxc3 Bb7 18. Na5 Bc8 19. Ra1 Bd7 20. Bd4 Nh5 21.
g3 f6 22. exd5 exd5 23. Rfe1 Rfe8 24. Nb7 Bf5 25. Rxe8+ Rxe8 26. Nd6 1-0

[Event "*** Titled Tuesday Blitz"]
[Site "Chess.com"]
[Date "2020.04.21"]
[Round "1"]
[White "eightbyeightchess"]
[Black "Dedic8"]
[Result "1-0"]
[WhiteElo "2438"]
[BlackElo "2785"]
[TimeControl "180+1"]
[EndTime "10:03:57 PDT"]
[Termination "eightbyeightchess won by resignation"]

1. e4 e5 2. Nf3 Nc6 3. Bb5 a6 4.
Ba4 Nf6 5. d4 exd4 6. O-O b5 7.
Bb3 Be7 8. Re1 O-O 9. e5 Ne8 10. c3 dxc3 11. Nxc3 Bb7 12. Nd5 Kh8 13. Nxe7 Nxe7 14.
Ng5 d5 15. Qh5 h6 16. Nxf7+ Kg8 17. Nxd8 Rxd8 1-0

[Event "*** Titled Tuesday Blitz"]
[Site "Chess.com"]
[Date "2020.04.21"]
[Round "1"]
[White "canhhuan"]
[Black "grunbergmihai"]
[Result "0-1"]
[WhiteElo "2648"]
[BlackElo "2357"]
[TimeControl "180+1"]
[EndTime "10:04:04 PDT"]
[Termination "grunbergmihai won on time"]

1. e4 Nf6 2. e5 Nd5 3. d4 d6 4.
c4 Nb6 5. exd6 cxd6 6. Nc3 g6 7. Be3 Bg7 8. Rc1 O-O 9. b3 e5 10. dxe5 dxe5 11. Qxd8 Rxd8 12. c5 N6d7 13. Nf3 Nc6 14. Bc4 Na5 15. Be2 b6 16. cxb6 Nxb6 17. O-O Nc6 0-1

[Event "*** Titled Tuesday Blitz"]
[Site "Chess.com"]
[Date "2020.04.21"]
[Round "1"]
[White "kenta1234"]
[Black "AniJak"]
[Result "1-0"]
[WhiteElo "2599"]
[BlackElo "2252"]
[TimeControl "180+1"]
[EndTime "10:04:06 PDT"]
[Termination "kenta1234 won by resignation"]

1. Nf3 d5 2. d4 Nf6 3. g3 g6 4. Bg2 Bg7 5. O-O O-O 6. c4 c6 7.
Nc3 e6 8. b3 Nbd7 9. Bb2 Rb8 10. e3 b6 11. Rc1 dxc4 12. bxc4 c5 13. d5 Re8 14. dxe6 Rxe6 15. Nd5 Bb7 16. Ng5 Re8 17. Nxf6+ Bxf6 18. Bxb7 Bxb2 19. Qd5 Qe7 20. Rb1 Bc3 21. Bc6 Bf6 22. Ne4 Red8 23. Bxd7 Rxd7 24. Nxf6+ 1-0

[Event "*** Titled Tuesday Blitz"]
[Site "Chess.com"]
[Date "2020.04.21"]
[Round "1"]
[White "ENEASZ"]
[Black "GM4life"]
[Result "0-1"]
[WhiteElo "2530"]
[BlackElo "2175"]
[TimeControl "180+1"]
[EndTime "10:04:16 PDT"]
[Termination "GM4life won by resignation"]

1. e4 c5 2. c3 Nf6 3. e5 Nd5 4. d4 cxd4 5. cxd4 d6 6. Nf3 Nc6 7.
Bc4 Nb6 8. Bb5 dxe5 9. Nxe5 Bd7 10. Bxc6 Bxc6 11. Nxc6 bxc6 12. O-O e6 13. Qg4 Qd7 14.
Nc3 Rd8 15. Be3 Nd5 16. Rac1 h5 17. Qg3 h4 18. Qg4 Nf6 19. Qf3 h3 20. g3 Be7 21. Rfd1 Nd5 22. Ne4 Kf8 23. a3 Nf6 24. Rd2 Qd5 25. Nxf6 Qxf3 0-1

[Event "*** Titled Tuesday Blitz"]
[Site "Chess.com"]
[Date "2020.04.21"]
[Round "1"]
[White "scaryninja"]
[Black "TommyWen1"]
[Result "1-0"]
[WhiteElo "2513"]
[BlackElo "2067"]
[TimeControl "180+1"]
[EndTime "10:04:17 PDT"]
[Termination "scaryninja won by resignation"]

1. e4 c5 2. Nc3 Nc6 3. Bb5 Nd4 4. Nf3 g6 5. Nxd4 cxd4 6. Ne2 Bg7 7. O-O a6 8. Bd3 d6 9. c3 dxc3 10. dxc3 Nf6 11. f4 Qb6+ 12. Kh1 O-O 13. h3 Bd7 14. Nd4 Qc7 15. Qf3 Bc6 16. Nxc6 bxc6 17. b3 Nd7 18. Bb2 Nc5 19. Bc2 a5 20. Rfd1 Rab8 21. Ba3 Nd7 22. Rac1 Nb6 23. c4 a4 24. c5 dxc5 25. Bxc5 axb3 26. Bxb3 Nd7 27. Bxe7 Rfe8 28. Bd6 Qb7 29. Bxb8 Rxb8 30. e5 Rc8 31. e6 Nf6 32. exf7+ Kh8 33. Re1 Bf8 34. Qc3 Kg7 35. Re6 Qxf7 36. Rxc6 Rxc6 37. Qxc6 Qe7 38. Qc7 h5 39. Qxe7+ Bxe7 40. Rc7 Kf8 41. a4 Bd6 42. Rc6 Ke7 43. a5 Bxf4 44.
a6 Be3 45. a7 1-0

[Event "*** Titled Tuesday Blitz"]
[Site "Chess.com"]
[Date "2020.04.21"]
[Round "1"]
[White "Arjun2002"]
[Black "saisree"]
[Result "1-0"]
[WhiteElo "2651"]
[BlackElo "2316"]
[TimeControl "180+1"]
[EndTime "10:04:22 PDT"]
[Termination "Arjun2002 won by resignation"]

1. e4 c6 2. d4 d5 3. e5 Bf5 4. h4 h5 5. Bd3 Bxd3 6. Qxd3 e6 7.
Bg5 Qb6 8. Nd2 c5 9. c4 Ne7 10. Ngf3 Nbc6 11. Bxe7 Bxe7 12. cxd5 exd5 13. dxc5 Bxc5 14.
O-O O-O 15. Ng5 g6 16. e6 Ne5 17. exf7+ Rxf7 18. Qxd5 Rd8 19. Qxe5 Rxd2 20. Nxf7 1-0

[Event "*** Titled Tuesday Blitz"]
[Site "Chess.com"]
[Date "2020.04.21"]
[Round "1"]
[White "asms9699"]
[Black "Falia-p"]
[Result "1-0"]
[WhiteElo "2630"]
[BlackElo "2300"]
[TimeControl "180+1"]
[EndTime "10:04:22 PDT"]
[Termination "asms9699 won by resignation"]

1. c4 e5 2. g3 Nf6 3. Bg2 d5 4. cxd5 Nxd5 5. Nc3 Nb6 6. Nf3 Nc6 7. O-O Be7 8. a3 a5 9. d3 O-O 10. Be3 Be6 11. Rc1 a4 12. Bxb6 cxb6 13. Nxa4 f5 14.
Nc3 f4 15. Ne4 fxg3 16. hxg3 Qe8 17. Neg5 Qg6 18. Nxe6 Qxe6 19. Qc2 Kh8 20. Qc4 Qh6 21. Qb5 Bc5 22. b4 Bd4 23. e3 Bxe3 24. fxe3 Qxe3+ 25. Kh2 Qh6+ 26. Nh4 g5 27. Bxc6 bxc6 28. Qxe5+ Qg7 29.
Qxg7+ Kxg7 30. Nf5+ Kg6 31. Ne7+ Kg7 32. Rxf8 Rxf8 33. Kg2 Rf6 34. Rxc6 1-0

[Event "*** Titled Tuesday Blitz"]
[Site "Chess.com"]
[Date "2020.04.21"]
[Round "1"]
[White "BillieKimbah"]
[Black "2L8IWUN"]
[Result "1-0"]
[WhiteElo "2801"]
[BlackElo "2421"]
[TimeControl "180+1"]
[EndTime "10:04:25 PDT"]
[Termination "BillieKimbah won by resignation"]

1. d4 Nf6 2. c4 e6 3. Nf3 d5 4. g3 dxc4 5. Bg2 a6 6. O-O Nc6 7. e3 Rb8 8. Qe2 b5 9. b3 cxb3 10.
axb3 Be7 11. Bd2 O-O 12. Rc1 Bb7 13. Ne1 Qc8 14. Bxc6 Bxc6 15. Rxc6 Rb6 16. Rc1 Qb7 17.
Nd3 b4 18. Ra4 Nd7 19. Nb2 Rb5 20. Nc4 c5 21. Be1 Rc8 22. Nbd2 cxd4 23. exd4 Nb6 24.
Raa1 Nd5 25. Ne4 h6 26. Ncd6 Rxc1 27. Rxc1 1-0

[Event "*** Titled Tuesday Blitz"]
[Site "Chess.com"]
[Date "2020.04.21"]
[Round "1"]
[White "EddieMarsalla"]
[Black "IngOscarArdila"]
[Result "1-0"]
[WhiteElo "2510"]
[BlackElo "2061"]
[TimeControl "180+1"]
[EndTime "10:04:25 PDT"]
[Termination "EddieMarsalla won by resignation"]

1. d4 Nf6 2. Bg5 e6 3. Nd2 Be7 4. c3 h6 5. Bh4 d6 6. Ngf3 Nbd7 7. e4 b6 8. Bd3 Bb7 9. Qe2 g5 10. Bg3 c5 11. Nc4 Nf8 12. Nxd6+ Bxd6 13. Bb5+ Ke7 14. e5 Ne4 15. exd6+ Nxd6 16. dxc5 bxc5 17. O-O-O Bd5 18. Rxd5 Kf6 19. Rxd6 Qa5 20. Be5+ Kg6 21. Bxh8 Qxa2 22.
Bd3+ f5 23. Bb1 Qa1 24. g4 Rb8 25. gxf5+ Kh7 26. fxe6+ Kxh8 27. e7 Ng6 28. e8=Q+ Rxe8 29. Qxe8+ Kg7 30. Qxg6+ 1-0

[Event "*** Titled Tuesday Blitz"]
[Site "Chess.com"]
[Date "2020.04.21"]
[Round "1"]
[White "Lion-Al-Messi"]
[Black "Sethu0025"]
[Result "0-1"]
[WhiteElo "2431"]
[BlackElo "2817"]
[TimeControl "180+1"]
[EndTime "10:04:28 PDT"]
[Termination "Sethu0025 won by resignation"]

1. d4 d6 2. Nf3 g6 3. e4 Bg7 4.
c3 Nf6 5. Bd3 O-O 6. O-O c5 7.
Nbd2 Nc6 8. Re1 Qc7 9. d5 Nb8 10. a4 e6 11. dxe6 Bxe6 12. Nc4 Nc6 13. Bf4 Rfd8 14.
Bc2 Bxc4 15. Qc1 Ne5 16. Qe3 Be6 17. h3 Nxf3+ 18. Qxf3 Nd7 19. Rad1 Ne5 20. Qg3 Qe7 21. Bg5 f6 22. Bc1 Nf7 23. f4 Bd7 24. h4 Kh8 25. h5 gxh5 26. e5 dxe5 27. fxe5 Nxe5 28. Re4 Bf5 29. Rxe5 Qxe5 30. Rxd8+ Rxd8 31. Bf4 Qe6 0-1

[Event "*** Titled Tuesday Blitz"]
[Site "Chess.com"]
[Date "2020.04.21"]
[Round "1"]
[White "Yuri202062"]
[Black "Shivagami"]
[Result "1-0"]
[WhiteElo "2544"]
[BlackElo "2145"]
[TimeControl "180+1"]
[EndTime "10:04:28 PDT"]
[Termination "Yuri202062 won by resignation"]

1. d4 Nf6 2. c4 c5 3. d5 e6 4. Nc3 exd5 5. cxd5 d6 6. Nf3 g6 7. Bf4 a6 8. a4 Bg7 9. e3 O-O 10. h3 Ne8 11. Be2 Qe7 12. O-O Nd7 13. Re1 Nc7 14. e4 Ne5 15. Nxe5 dxe5 16. Be3 Qd6 17. a5 Bd7 18.
Na4 Bxa4 19. Qxa4 Rac8 20. Rec1 f5 21. Bxc5 Qf6 22. Bxf8 Bxf8 23. Qd7 1-0

[Event "*** Titled Tuesday Blitz"]
[Site "Chess.com"]
[Date "2020.04.21"]
[Round "1"]
[White "steepedgames"]
[Black "BakaPG"]
[Result "0-1"]
[WhiteElo "2363"]
[BlackElo "2700"]
[TimeControl "180+1"]
[EndTime "10:04:29 PDT"]
[Termination "BakaPG won by resignation"]

1. d4 d5 2. Nf3 Nf6 3. c4 c6 4. Nc3 e6 5. e3 Nbd7 6. a3 Ne4 7. Qc2 f5 8. Bd3 Bd6 9. b4 O-O 10. Bb2 a6 11. h4 Ndf6 12. g3 Ng4 13. Nd1 b5 14. c5 Nexf2 15. cxd6 Nxh1 16. Qxc6 Bd7 17. Qc7 Nxg3 18. Rc1 Ne4 19. Ke2 Rc8 20. Qxd8 Rfxd8 21. Rxc8 Bxc8 22. Ne5 Nxd6 0-1

[Event "*** Titled Tuesday Blitz"]
[Site "Chess.com"]
[Date "2020.04.21"]
[Round "1"]
[White "Adham_Fawzy"]
[Black "FROGGY64"]
[Result "1-0"]
[WhiteElo "2775"]
[BlackElo "2402"]
[TimeControl "180+1"]
[EndTime "10:04:30 PDT"]
[Termination "Adham_Fawzy won by checkmate"]

1. e4 e6 2. d4 d5 3. Nc3 Bb4 4. exd5 exd5 5. Bd3 Nf6 6. Ne2 O-O 7. O-O Re8 8. Bg5 Be7 9. Qd2 c6 10. Rae1 Nbd7 11. Ng3 Nf8 12. Nf5 Bxf5 13. Bxf5 Ng6 14. f3 Nd7 15. Be3 Bd6 16. g3 Ndf8 17. f4 Qf6 18.
Bd3 h6 19. Ne2 Rac8 20. c3 b6 21. f5 Ne7 22. Nf4 Bxf4 23. Bxf4 Nd7 24. h4 c5 25. Be5 Nxe5 26. dxe5 Qc6 27. f6 c4 28. Bb1 Qc5+ 29. Kh2 Nc6 30. fxg7 Nxe5 31. Rxe5 Rxe5 32. Qxh6 Re2+ 33. Kh3 f5 34. Bxf5 d4 35. Bh7# 1-0

[Event "*** Titled Tuesday Blitz"]
[Site "Chess.com"]
[Date "2020.04.21"]
[Round "1"]
[White "semchik73"]
[Black "MartinCerveny"]
[Result "0-1"]
[WhiteElo "2264"]
[BlackElo "2605"]
[TimeControl "180+1"]
[EndTime "10:04:30 PDT"]
[Termination "MartinCerveny won by resignation"]

1. Nf3 d5 2. c4 c6 3. e3 Nf6 4. Nc3 a6 5. d4 b5 6. cxd5 cxd5 7.
a3 e6 8. Bd3 Bd6 9. O-O Bb7 10.
Qe2 Nbd7 11. e4 dxe4 12. Nxe4 Nxe4 13. Bxe4 Bxe4 14. Qxe4 O-O 15. Bg5 Qb6 16. Rac1 Rac8 17. d5 Qb7 18. Rcd1 Nb6 19. Qg4 f5 20. Qh5 Nxd5 21. Rfe1 Qf7 22. Qh4 h6 23. Bd2 Rc4 24. Qh3 Rfc8 25. Ne5 Bxe5 26. Rxe5 Nf6 27. f3 Rd8 28.
Ree1 Rcd4 0-1

[Event "*** Titled Tuesday Blitz"]
[Site "Chess.com"]
[Date "2020.04.21"]
[Round "1"]
[White "fm_magua"]
[Black "SameerMujumdar"]
[Result "1-0"]
[WhiteElo "2566"]
[BlackElo "2208"]
[TimeControl "180+1"]
[EndTime "10:04:31 PDT"]
[Termination "fm_magua won by resignation"]

1. e4 c5 2. Nf3 e6 3. d4 cxd4 4. Nxd4 a6 5. Nc3 Qc7 6. Be2 Nf6 7. O-O d6 8. Be3 Be7 9. f4 O-O 10. Qe1 b5 11. Bd3 Nbd7 12. Qg3 Bb7 13. a3 Kh8 14. f5 e5 15. Nde2 Nc5 16. Bg5 Nh5 17. Qh4 Bxg5 18.
Qxg5 Nf6 19. Ng3 Qe7 20. Rae1 h6 21. Qh4 Rfe8 22. Qh3 Rad8 23. Re3 Nh7 24. f6 Nxf6 25. Nf5 Qf8 26. Rg3 Ne6 27. Nxh6 gxh6 28. Rxf6 Kh7 29. Qf5+ Kh8 30. Rxf7 1-0

[Event "*** Titled Tuesday Blitz"]
[Site "Chess.com"]
[Date "2020.04.21"]
[Round "1"]
[White "yamalchess"]
[Black "ClockworkKubrick"]
[Result "1-0"]
[WhiteElo "2544"]
[BlackElo "2152"]
[TimeControl "180+1"]
[EndTime "10:04:31 PDT"]
[Termination "yamalchess won by resignation"]

1. d4 Nf6 2. c4 g6 3. Nc3 Bg7 4. e4 O-O 5. h3 d6 6. Bg5 e5 7. dxe5 dxe5 8. Qxd8 Rxd8 9. Nd5 Nxd5 10. Bxd8 Nf6 11.
Bxc7 Nxe4 12. Bxb8 Rxb8 13. Nf3 Be6 14. Rd1 h6 15.
Be2 a5 16. O-O a4 17. Rfe1 Nc5 18. Nd2 f5 19. b4 Nd7 20. c5 Nf6 21. Bc4 Bxc4 22.
Nxc4 e4 23. Rd6 Ne8 24. Rb6 Bd4 25. Rd1 Rd8 26. Kf1 Rd7 27. Nd6 Nxd6 28. Rxd4 1-0